 Dungeon Crawl Stone Soup version 0.31-a0-702-gf82c85558f (webtiles) character file.

Game seed: 9734166601177316370

121 qw the Shooter (level 5, -9/32 HPs)
             Began as a Gargoyle Hunter on Sept 8, 2023.
             Killed from afar by a white imp (18 damage)
             ... with a puff of frost
             ... on level 3 of the Dungeon.
             The game lasted 00:00:45 (2219 turns).

qw the Shooter (Gargoyle Hunter)                    Turns: 2219, Time: 00:00:45

Health: -9/32      AC:  8    Str: 17    XL:     5   Next: 5%
Magic:  5/5        EV: 11    Int: 11    God:
Gold:   114        SH:  0    Dex: 15    Spells: 4/4 levels left

rFire   . . .        Y - +0 shortbow
rCold   x . .        (shield currently unavailable)
rNeg    + . .        k - +0 leather armour "Xucyis" {rC- Will++ Str+2 Int+2}
rPois   inf          (no helmet)
rElec   +            e - +0 cloak
rCorr   .            (no gloves)
SInv    .            (no boots)
Will    ++...        (no amulet)
Stlth   ++           (no ring)
HPRegen 0.25/turn    (no ring)
MPRegen 0.09/turn

%: no passive effects
@: no status effects
A: sickness immunity, AC +4, negative energy resistance 1, electricity
resistance, torment resistance 1, petrification resistance
a: no special abilities


You were on level 3 of the Dungeon.
You visited 1 branch of the dungeon, and saw 3 of its levels.

You collected 114 gold pieces.


Innate Abilities, Weirdness & Mutations

You are immune to sickness and miasma.
Your stone body is resilient. (AC +4)
You are immune to poison.
You resist negative energy. (rN+)
You are resistant to electric shocks. (rElec)
You are resistant to unholy torment.
You are immune to petrification.


   Skills:
 - Level 3.1 Fighting
 + Level 5.8 Ranged Weapons
 - Level 1.5 Dodging
 - Level 1.1 Stealth


You had 4 spell levels left.
You didn't know any spells.
Your spell library was empty.

Inventory:

Hand Weapons
 Y - a +0 shortbow (weapon)
Armour
 e - a +0 cloak (worn)
 h - a +2 robe of positive energy
 k - the +0 leather armour "Xucyis" (worn) {rC- Will++ Str+2 Int+2}
   (You found it on level 2 of the Dungeon)

   Str+2:     It affects your strength (+2).
   Int+2:     It affects your intelligence (+2).
   rC-:       It makes you vulnerable to cold.
   Will++:    It greatly increases your willpower.
Scrolls
 a - a scroll of identify
 c - a scroll of amnesia {unknown}
 d - a scroll of poison {unknown}
 g - 3 scrolls of teleportation
 i - a scroll of fog {unknown}
 l - 3 scrolls of enchant armour {unknown}
Potions
 b - 2 potions of mutation {unknown}
 f - 2 potions of curing
 j - a potion of heal wounds {unknown}
 m - a potion of ambrosia {unknown}

Dungeon Overview and Level Annotations

Branches:
Dungeon (3/15)

Altars:
Ru
Trog


Message History

The quokka bites you but does no damage.
You shoot an arrow. The arrow hits the quokka!
You kill the quokka!
You see here a quokka corpse.
l - 3 scrolls labelled TYODUL KAWIUF (gained 1)
Found 5 stones.
Found a leather armour.
You see here a +0 leather armour.
You see here an adder skeleton.
A white imp comes into view.
You shoot an arrow. The arrow hits the white imp.
The white imp shouts, "Run away, thou euchred toad-spotted slime mould!"
The white imp is heavily wounded.
You shoot an arrow.
The arrow hits the white imp but does no damage.
The white imp is heavily wounded.
The white imp gestures at you. The puff of frost hits you!
You feel a terrible chill!
You shoot an arrow. The arrow hits the white imp.
The white imp is severely wounded.
You shoot an arrow. The arrow closely misses the white imp.
You shoot an arrow.
The arrow hits the white imp but does no damage.
The white imp is severely wounded.
The white imp closely misses you.
You shoot an arrow. The arrow closely misses the white imp.
The white imp hits you. The white imp freezes you.
You feel a terrible chill!
You shoot an arrow.
The arrow hits the white imp but does no damage.
The white imp is severely wounded.
The white imp barely misses you.
You shoot an arrow. The arrow hits the white imp.
The white imp is almost dead.
The white imp gestures at you. The puff of frost hits you!
You feel a terrible chill!
You shoot an arrow. The arrow barely misses the white imp.
The white imp gestures at you. The puff of frost hits you!!
You feel a terrible chill!
Ouch! That really hurt!
You die...

...###......
#.....####.........
###..................
#....~~~~~.¤~~...####
#....~.......~......#
#!..¤~¤###[#¤~...##.#
#...¤~¤#...#¤¤....#.#
#...5~¤#._.#.¤¤......
#@~.#...#%~....###
#.~.#.###¤~....###
##.~......¤~....#..
#..~~¤~¤~¤¤~.......
#..................
#.##...............
#..................
####...............
#.....%........<


You could see a white imp.

Vanquished Creatures
  Jessica (D:2)
  Terence (D:2)
  An adder (D:3)
  2 worms
  3 dart slugs
  6 ball pythons
  2 bats
  2 endoplasms (D:1)
  4 goblins
  4 hobgoblins
  6 jackals
  4 quokkas
  2 frilled lizards (D:2)
  6 kobolds
  4 rats
48 creatures vanquished.

Notes
Turn   | Place    | Note
-------+----------+-------------------------------------------
     0 | D:1      | qw the Gargoyle Hunter began the quest for the Orb.
     0 | D:1      | Reached XP level 1. HP: 12/12 MP: 1/1
     0 | D:1      | 0 ||| qw: Version: 0.3-a-76-g4403597
     0 | D:1      | 0 ||| qw: Game counter: 1143
     0 | D:1      | 0 ||| qw: Melee chars always use a shield: true
     0 | D:1      | 0 ||| qw: God list: Okawaru
     0 | D:1      | 0 ||| qw: Allow faded altars: false
     0 | D:1      | 0 ||| qw: Do Orc after clearing Dungeon:15 true
     0 | D:1      | 0 ||| qw: Do second Lair branch before Depths: true
     0 | D:1      | 0 ||| qw: Lair rune preference: random
     0 | D:1      | 0 ||| qw: Goals: Normal
     0 | D:1      | 0 ||| PLANNING D:1-11
   110 | D:1      | Reached XP level 2. HP: 17/17 MP: 2/2
   611 | D:1      | 611 ||| READING scroll labelled JIT BUBYSMO.
   712 | D:1      | 712 ||| READING scroll labelled ZIFFIB ASOO.
   713 | D:1      | 713 ||| READING 3 scrolls labelled BIR HYAFEBIH.
   718 | D:1      | 718 ||| DRINKING 3 orange potions.
   719 | D:1      | 719 ||| DROPPING scroll of butterflies.
   807 | D:2      | Noticed Terence
   821 | D:2      | Killed Terence
   822 | D:2      | Reached skill level 5 in Ranged Weapons
   822 | D:2      | Reached XP level 3. HP: 9/21 MP: 3/3
  1022 | D:2      | Noticed Jessica
  1026 | D:2      | Killed Jessica
  1027 | D:2      | Reached skill level 3 in Fighting
  1027 | D:2      | Reached XP level 4. HP: 28/28 MP: 4/4
  1283 | D:2      | Found a faded altar of an unknown god.
  1290 | D:2      | Identified the +0 leather armour "Xucyis" {rC- Will++ Str+2
                  | Int+2}
  1691 | D:2      | 1691 ||| UPGRADING to +0 ring mail.
  1701 | D:2      | 1701 ||| DROPPING +0 leather armour.
  1702 | D:2      | 1702 ||| UPGRADING to +0 cloak.
  1707 | D:2      | 1707 ||| UPGRADING to +2 robe of positive energy.
  1717 | D:2      | 1717 ||| DROPPING +0 ring mail.
  1718 | D:2      | 1718 ||| UPGRADING to +0 leather armour "Xucyis" {rC-
                  | Will++ Str+2 Int+2}.
  1728 | D:2      | 1728 ||| READING scroll labelled URUETE FAAVIO.
  1729 | D:2      | 1729 ||| READING scroll labelled LUFUAT XUFIMO.
  1730 | D:2      | 1730 ||| READING scroll labelled MAF QAORPHE.
  1803 | D:3      | Found a sacrificial altar of Ru.
  1827 | D:3      | Found a bloodstained altar of Trog.
  1981 | D:3      | Reached XP level 5. HP: 30/32 MP: 5/5
  2219 | D:3      | Killed from afar by a white imp

Levels and vault maps discovered:
D:1:      lemuel_arrival_funnel, layout_rooms, serial_aquarium,
          aquarium_bridge_square [aquarium_subvault_bridge,
          aquarium_subvault_balcony, aquarium_subvault_window,
          aquarium_subvault_balcony], aquarium_window_1, aquarium_window_1,
          aquarium_window_corridor_1, aquarium_window_fake, aquarium_view_2d,
          aquarium_view_2a, aquarium_pool_2, minmay_tromino_i4
D:2:      layout_basic, basic_ecumenical_altar, minmay_stone_trees_medium,
          uniq_crazy_yiuf_cottage, uniq_jessica, uniq_terence
D:3:      layout_basic, mainiacjoe_overflow_brackets, doesnt_xom_only_xom,
          nicolae_ru_awakened_eye

Skill      XL: |  1  2  3 |
---------------+----------+-----
Ranged Weapons | 5 |  5.8
Fighting       | 3 |  3.1
Dodging        | |  1.5
Stealth        | |  1.1

Action                     |  1- 3 |  4- 6 || total
---------------------------+-------+-------++-------
   Fire: Shortbow          |    72 |    86 ||   158
    Use: Scroll            |     3 |     3 ||     6
         Potion            |     1 |       ||     1
 Armour: Leather armour    |    15 |    20 ||    35
  Dodge: Dodged            |    11 |    13 ||    24

Table legend:
 A = Non-vault XP
 B = Vault XP
 C = Vault XP percentage of total XP
 D = Non-vault monster count
 E = Vault monster count
 F = Vault count percentage of total count
                 A         B        C        D         E       F
            +---------+---------+-------+---------+---------+-------
      Total |      96 |      78 |  44.8 |      43 |       5 |  10.4
            +---------+---------+-------+---------+---------+-------
        D:1 |      23 |       5 |  17.9 |      13 |       3 |  18.8
        D:2 |      33 |      73 |  68.9 |      16 |       2 |  11.1
        D:3 |      40 |       0 |   0.0 |      14 |       0 |   0.0
            +---------+---------+-------+---------+---------+-------
